 Dungeon Crawl Stone Soup version 0.29.0-4-gdea44cf6ec (webtiles) character file.

Game seed: 11405400588152764483

116 night the Stinger (level 5, 0/31 HPs)
             Began as a Gargoyle Venom Mage on Aug 26, 2022.
             Was an Initiate of Nemelex Xobeh.
             Slain by a phantom (4 damage)
             ... on level 3 of the Dungeon.
             The game lasted 00:09:16 (3696 turns).

night the Stinger (Gargoyle Venom Mage)             Turns: 3696, Time: 00:09:16

Health: 0/31       AC:  7    Str: 12    XL:     5   Next: 1%
Magic:  5/9        EV: 11    Int: 17    God:    Nemelex Xobeh [......]
Gold:   143        SH:  0    Dex: 10    Spells: 4/10 levels left

rFire   . . .      SeeInvis .   d - +0 dagger
rCold   . . .      Faith    .   (no shield)
rNeg    + . .      Spirit   .   a - +0 robe
rPois   ∞          Reflect  .   (no helmet)
rElec   +          Harm     .   p - +0 cloak
rCorr   .          Rampage  .   (no gloves)
Will    .....                   (no boots)
Stlth   ++........              (no amulet)
HPRegen 0.10/turn               (no ring)
MPRegen 0.11/turn               (no ring)

@: brilliant, very slightly contaminated
A: sickness immunity, AC +4, negative energy resistance 1, electricity
resistance, torment resistance 1, petrification resistance
a: Renounce Religion, Draw Escape, Draw Destruction, Draw Summoning


You were on level 3 of the Dungeon.
You worshipped Nemelex Xobeh.
Nemelex Xobeh was noncommittal.
You visited 1 branch of the dungeon, and saw 4 of its levels.

You collected 143 gold pieces.

Inventory:

Hand Weapons
 d - a +0 dagger (weapon)
 k - a +0 sling
 n - a +0 whip
Missiles
 e - 36 stones
Armour
 a - a +0 robe (worn)
 g - a +0 ring mail
 m - a scarf of repulsion
 p - a +0 cloak (worn)
Jewellery
 s - a ring of flight
Scrolls
 c - a scroll of fear {unknown}
 f - 4 scrolls of noise {unknown}
 l - 3 scrolls of identify {unknown}
 o - a scroll of immolation {unknown}
 q - a scroll of fog {unknown}
Potions
 b - a potion of magic
 i - a potion of flight {unknown}
 j - a potion of mutation {unknown}
 r - a potion of brilliance


   Skills:
 + Level 2.6 Fighting
 - Level 1.5 Dodging
 - Level 2.1 Stealth
 - Level 3.0 Spellcasting
 - Level 0.7 Transmutations
 + Level 4.0 Poison Magic
 - Level 0.2 Invocations


You had 4 spell levels left.
You knew the following spells:

 Your Spells              Type           Power      Damage    Failure   Level
a - Sting                 Tmut/Pois      64%        1d6       7%          1
b - Poisonous Vapours     Pois/Air       28%        N/A       12%         2
c - Mephitic Cloud        Conj/Pois/Air  10%        N/A       30%         3

Your spell library contained the following spells:

 Spells                   Type           Power      Damage    Failure   Level
 Olgreb's Toxic Radiance  Pois           24%        N/A       32%         4


Dungeon Overview and Level Annotations

Branches:
Dungeon (4/15)
 Temple: D:4-7

Altars:
Ashenzari
Elyvilon
Nemelex Xobeh
Sif Muna
The Shining One


Innate Abilities, Weirdness & Mutations

You are immune to sickness and miasma.
Your stone body is resilient. (AC +4)
You are immune to poison.
You resist negative energy. (rN+)
You are resistant to electric shocks. (rElec)
You are resistant to unholy torment.
You are immune to petrification.


Message History

Confirm with . or Enter, or press ? or * to list all spells.
Aiming: Sting (safe; 7% risk of failure)
Press: ? - help, Shift-Dir - straight line, f/p - phantom
Aim: a phantom (severely damaged, 64% to hit)
You feel a surge of power!
You miscast Sting.
You are very lightly contaminated with residual magic.
Nothing appears to happen.
The phantom hits you.
* * * LOW HITPOINT WARNING * * *
The phantom blinks!
You blink.
You feel better. The phantom barely misses you.
Casting: Sting (safe; 7% risk of failure)
Confirm with . or Enter, or press ? or * to list all spells.
Aiming: Sting (safe; 7% risk of failure)
Press: ? - help, Shift-Dir - straight line, f/p - phantom
Aim: a phantom (severely damaged, 64% to hit)
You feel a surge of power!
The sting hits the phantom.
The phantom partially resists.
The phantom is severely damaged.
The phantom hits you.
The phantom blinks!
You blink.
Casting: Sting (safe; 7% risk of failure)
Confirm with . or Enter, or press ? or * to list all spells.
Aiming: Sting (safe; 7% risk of failure)
Press: ? - help, Shift-Dir - straight line, f/p - phantom
Aim: a phantom (severely damaged, 64% to hit)
You feel a surge of power!
The sting hits the phantom but does no damage.
The phantom is severely damaged.
The phantom hits you.
* * * LOW HITPOINT WARNING * * *
Casting: Sting (safe; 7% risk of failure)
Confirm with . or Enter, or press ? or * to list all spells.
Aiming: Sting (safe; 7% risk of failure)
Press: ? - help, Shift-Dir - straight line, f/p - phantom
Aim: a phantom (severely damaged, 64% to hit)
You feel a surge of power!
The sting misses the phantom.
The phantom hits you.
* * * LOW HITPOINT WARNING * * *
The phantom blinks!
You blink.
The phantom attacks as you move away! The phantom hits you.
You die...
Your body disappears without a glow.

#.# #>.#.# #.##..# ######
#.# #.##.# #.##..# #.#
#.##.######.##..# ####
#.#
#.##............######...
#####.#
#.##[..................##
#.....#
#.##.######.##.#########
#.##### #.##.## #.##.#
#.#######.....#####.##.#
#.............§§@#...#.#
############..##.W...#.#
#..##.#...#.#
#..#...####.#
#...........#
##.#...###### #######
############_####
#........#8.....#


You could see a phantom.

Vanquished Creatures
  4 gnolls
  2 adders (D:2)
  2 worms
  3 dart slugs
  5 endoplasms
  3 giant cockroaches
  7 goblins
  4 hobgoblins
  4 quokkas
  4 ball pythons
  3 bats
  2 frilled lizards
  A kobold (D:1)
  3 rats (D:1)
47 creatures vanquished.

Notes
Turn   | Place    | Note
-------+----------+-------------------------------------------
     0 | D:1      | night the Gargoyle Venom Mage began the quest for the Orb.
     0 | D:1      | Reached XP level 1. HP: 10/10 MP: 3/3
   266 | D:1      | Reached XP level 2. HP: 16/16 MP: 1/5
   326 | D:1      | Learned a level 2 spell: Poisonous Vapours
   624 | D:1      | Reached skill level 1 in Fighting
  1185 | D:1      | Reached XP level 3. HP: 20/20 MP: 6/6
  2074 | D:2      | Reached skill level 2 in Fighting
  2307 | D:2      | Reached XP level 4. HP: 22/26 MP: 5/8
  3152 | D:3      | Found a broken altar of Ashenzari.
  3154 | D:3      | Found a sparkling altar of Nemelex Xobeh.
  3160 | D:3      | Found a white marble altar of Elyvilon.
  3160 | D:3      | Found a shimmering blue altar of Sif Muna.
  3163 | D:3      | Found a glowing golden altar of the Shining One.
  3177 | D:3      | Became a worshipper of Nemelex Xobeh the Trickster
  3442 | D:3      | Learned a level 3 spell: Mephitic Cloud
  3622 | D:4      | Noticed a phantom
  3628 | D:4      | Reached skill level 4 in Poison Magic
  3628 | D:4      | Reached XP level 5. HP: 31/31 MP: 9/9
  3690 | D:3      | HP: 1/31 [phantom (6)]
  3695 | D:3      | HP: 4/31 [phantom (2)]
  3696 | D:3      | Slain by a phantom

Illustrated notes

Levels and vault maps discovered:
D:1:      dpeg_arrival_ternary, layout_loops_ring
D:2:      layout_basic
D:3:      layout_loops_ring, minitemple
D:4:      layout_layer_cave, gup_sewer_entry_spiral, serial_shops,
          nicolae_square_shop, serial_forest, infiniplex_forest_straight_1,
          infiniplex_forest_lined_1, infiniplex_forest_straight_4,
          infiniplex_forest_corner_1, infiniplex_forest_clump_cross,
          infiniplex_forest_lined_corner, uniq_menkaure

Skill      XL: |  1  2  3  4 |
---------------+-------------+-----
Fighting       | 1 2 |  2.6
Spellcasting   | 3 |  3.0
Poison Magic   | 4 |  4.0
Dodging        | |  1.5
Stealth        | |  2.1
Transmutations | |  0.7
Invocations    | |  0.2

Action                   |  1- 3 |  4- 6 || total
-------------------------+-------+-------++-------
Melee: Unarmed           |     1 |       ||     1
       Dagger            |    31 |    27 ||    58
       Whip              |       |    26 ||    26
       Punch             |       |     2 ||     2
 Cast: Sting             |    42 |    19 ||    61
       Poisonous Vapours |    15 |    12 ||    27
  Use: Potion            |       |     3 ||     3
 Stab: Sleeping          |     2 |     4 ||     6
Armor: Robe              |    29 |    22 ||    51
Dodge: Dodged            |    43 |    40 ||    83
